[Event "Late Titled Tuesday Blitz February 8 2022"]
[White "Bambino Filho, Antonio Carlos"]
[Black "Pesotskiy, Mikhail"]
[WhiteFideId "2113163"]
[BlackFideId "34164453"]
[WhiteElo "2453"]
[BlackElo "2010"]
[Result "1-0"]
[Round "08"]
[TimeControl "180+1"]
[Date "2022.02.09"]
[WhiteClock "0:00:08"]
[BlackClock "0:00:13"]

1. e4 e6 2. Qe2 c5 3. b3 Nc6 4. Bb2 Nd4 5. Qd1 g6 6. c3 Nc6 7. d4 cxd4 8. cxd4 d5 9. e5 Bg7 10. Nf3 f6 11. Bb5 fxe5 12. Nxe5 Ne7 13. Qf3 Bxe5 14. dxe5 Qa5+ 15. Nc3 d4 16. Bxc6+ Nxc6 17. O-O dxc3 18. Bxc3 Qd5 19. Qf4 Rf8 20. Qh6 Bd7 21. Rad1 Qc5 22. Qxh7 O-O-O 23. Rc1 Rh8 24. Qxg6 Rdg8 25. Qe4 Qd5 26. Qxd5 exd5 27. e6 Bxe6 28. Bxh8 Rxh8 29. f4 Bf5 30. h3 Be4 31. Kh2 Kd7 32. Rcd1 Ke6 33. g4 d4 34. Kg3 Kd5 35. f5 d3 36. h4 Nd4 37. Rf2 Ke5 38. f6 Ne2+ 39. Kh3 Nf4+ 40. Kg3 Ne2+ 41. Kh3 Rf8 42. g5 Bf5+ 43. Kg2 Rh8 44. Rxf5+ Kxf5 45. Kf3 Nf4 46. Ke3 Rxh4 47. Rf1 Rh3+ 48. Kd4 Rh4 49. f7 Kg4 50. Rxf4+ Kxf4 51. f8=Q+ Kg3+ 52. Kxd3 Rh3 53. Kc4 Kg2 54. Qf7 Rg3 55. g6 Rg4+ 56. Kc3 Rg3+ 57. Kb2 b5 58. g7 Rf3 59. Qxf3+ Kxf3 60. g8=Q Ke3 61. Qb8 Kd4 62. Qxa7+ 1-0


[Site "https://www.chess.com"]

[Event "Late Titled Tuesday Blitz February 8 2022"]
[White "Bauer, Thomas"]
[Black "Hess, Robert"]
[WhiteFideId "1639293"]
[BlackFideId "2022036"]
[WhiteElo "2220"]
[BlackElo "2557"]
[Result "1-0"]
[Round "08"]
[TimeControl "180+1"]
[Date "2022.02.09"]
[WhiteClock "0:00:41"]
[BlackClock "0:00:01"]

1. Nf3 g6 2. e4 Bg7 3. d4 e6 4. c3 Ne7 5. Bd3 d6 6. O-O Nd7 7. Bf4 h6 8. Re1 a6 9. Nbd2 g5 10. Bg3 b6 11. Nc4 Bb7 12. Bxd6 cxd6 13. Nxd6+ Kf8 14. Nxb7 Qc7 15. e5 Qxb7 16. Be4 Qa7 17. Bxa8 Qxa8 18. Nd2 Ng6 19. Ne4 Ke7 20. Re3 Rd8 21. Qg4 Kf8 22. g3 Qd5 23. h4 gxh4 24. gxh4 Ne7 25. Ng3 Bh8 26. b3 b5 27. Kh2 f5 28. exf6 Nxf6 29. Qxe6 Qxe6 30. Rxe6 Ned5 31. Rc1 a5 32. f3 b4 33. cxb4 axb4 34. Ra6 Nc3 35. Nf5 h5 36. Rg1 Nfd5 37. Rh6 Bf6 38. Rgg6 Kf7 39. Rg1 1-0


[Site "https://www.chess.com"]

[Event "Late Titled Tuesday Blitz February 8 2022"]
[White "Bilan, Danila"]
[Black "Zhigalko, Sergei"]
[WhiteFideId "24161918"]
[BlackFideId "13502956"]
[WhiteElo "2164"]
[BlackElo "2662"]
[Result "0-1"]
[Round "08"]
[TimeControl "180+1"]
[Date "2022.02.08"]
[WhiteClock "0:00:02"]
[BlackClock "0:00:15"]

1. d4 Nf6 2. Nf3 e6 3. c4 b6 4. g3 Ba6 5. Qc2 Bb4+ 6. Bd2 Be7 7. Bg2 O-O 8. O-O c6 9. Bf4 d5 10. b3 Nbd7 11. Nbd2 Nh5 12. e4 Nxf4 13. gxf4 Rc8 14. Rfe1 Nf6 15. f5 exf5 16. exd5 cxd5 17. Qxf5 Bb4 18. Red1 Bxd2 19. Nxd2 dxc4 20. Nxc4 Bxc4 21. bxc4 Rxc4 22. d5 Qd6 23. Rd2 g6 24. Qf3 Ng4 25. Qg3 Rd8 26. Re1 Nf6 27. Red1 Rg4 28. Qf3 h5 29. h3 Rf4 30. Qg3 Rf5 31. Qe3 Qf4 32. d6 Qxe3 33. fxe3 Re5 34. Kf2 Kf8 35. Rc1 Re6 36. Rc7 Rexd6 37. Rxd6 Rxd6 38. Rxa7 Rd2+ 39. Kg3 Re2 40. Ra3 Nd7 41. Bf3 Rb2 42. Ra7 Nf6 43. Kf4 Kg7 44. Bd1 Nd5+ 45. Ke4 Nc3+ 0-1


[Site "https://www.chess.com"]

[Event "Late Titled Tuesday Blitz February 8 2022"]
[White "Borisova, Ekaterina"]
[Black "Weetik, Vjacheslav"]
[WhiteFideId "34124184"]
[BlackFideId "4153472"]
[WhiteElo "2034"]
[BlackElo "2469"]
[Result "0-1"]
[Round "08"]
[TimeControl "180+1"]
[Date "2022.02.08"]
[WhiteClock "0:00:01"]
[BlackClock "0:00:03"]

1. d4 Nf6 2. c4 e6 3. Nc3 Bb4 4. f3 c5 5. d5 b5 6. e4 bxc4 7. Bxc4 exd5 8. Bxd5 Nxd5 9. Qxd5 Nc6 10. Be3 Qb6 11. Ne2 Ba6 12. Kf2 O-O 13. Na4 Qb5 14. Nec3 Bxc3 15. Nxc3 Qxb2+ 16. Qd2 Qxd2+ 17. Bxd2 Ne5 18. Nd5 Bb7 19. Ne7+ Kh8 20. Bc3 Nd3+ 21. Ke3 c4 22. h4 f6 23. h5 Rae8 24. Nf5 d5 25. Nd6 Re7 26. Nxb7 Rxb7 27. exd5 Rd7 28. h6 Rxd5 29. hxg7+ Kxg7 30. Rh4 Re8+ 31. Re4 Rxe4+ 32. Kxe4 Rd7 33. Kf5 Kf7 34. Rh1 Rd5+ 35. Ke4 Ke6 36. Rxh7 Nc5+ 37. Kf4 Rd3 38. Bb4 Na4 39. Rxa7 Nb2 40. a4 c3 41. Re7+ Kd5 42. Rd7+ Kc4 43. Rb7 Nxa4 44. Bxc3 Nxc3 45. Kf5 Rd6 46. Rc7+ Kd3 47. f4 Nd5 48. Ra7 Ne3+ 49. Kg6 Nxg2 50. f5 Nf4+ 51. Kf7 Nd5 52. Ra1 Ke4 53. Kg6 Nf4+ 54. Kh6 Kxf5 55. Ra5+ Rd5 56. Ra1 Rd3 57. Kg7 Rg3+ 58. Kf7 Re3 59. Kg7 Re7+ 60. Kh6 Re6 61. Ra7 Ke5 62. Re7 f5+ 63. Kg5 Rxe7 0-1


[Site "https://www.chess.com"]

[Event "Late Titled Tuesday Blitz February 8 2022"]
[White "Burke, Paul"]
[Black "Chabris, Christopher"]
[WhiteFideId "2605767"]
[BlackFideId "2005263"]
[WhiteElo "1835"]
[BlackElo "2287"]
[Result "0-1"]
[Round "08"]
[TimeControl "180+1"]
[Date "2022.02.09"]
[WhiteClock "0:00:06"]
[BlackClock "0:00:33"]

1. e4 c5 2. d4 cxd4 3. c3 e5 4. Nf3 Nc6 5. Bc4 Nf6 6. Ng5 d5 7. exd5 Na5 8. O-O Nxc4 9. Qa4+ Qd7 10. Qxc4 Qxd5 11. Qd3 b5 12. f4 Bb7 13. Qg3 Bc5 14. Kh1 e4 15. cxd4 Bxd4 16. Nc3 Bxc3 17. bxc3 O-O 18. Ba3 Rfe8 19. Rad1 Qxa2 20. Rd6 Nh5 21. Qh4 g6 22. f5 e3 23. Nf3 Qxa3 24. Rd7 Qxc3 25. fxg6 fxg6 0-1


[Site "https://www.chess.com"]

[Event "Late Titled Tuesday Blitz February 8 2022"]
[White "Calcada, Lucas Galvan"]
[Black "Marcziter, Dmitrii"]
[WhiteFideId "22746099"]
[BlackFideId "13900765"]
[WhiteElo "1402"]
[BlackElo "2155"]
[Result "0-1"]
[Round "08"]
[TimeControl "180+1"]
[Date "2022.02.09"]
[WhiteClock "0:01:39"]
[BlackClock "0:02:33"]

1. e4 e5 2. Nf3 Nc6 3. Bb5 f5 4. d3 fxe4 5. dxe4 Nf6 6. Nc3 d6 7. h3 Be7 8. O-O O-O 9. Bc4+ Kh8 10. a3 h6 11. Be3 Qe8 12. Nh2 Bd7 13. f4 exf4 14. Bxf4 Ne5 15. Bxe5 dxe5 16. Qe2 c6 17. Kh1 Bc5 18. Nf3 Nh5 19. Nh4 Ng3+ 0-1


[Site "https://www.chess.com"]

[Event "Late Titled Tuesday Blitz February 8 2022"]
[White "Clawitter, Craig"]
[Black "Osiecki, Stanislaw"]
[WhiteFideId "2023105"]
[BlackFideId "1102990"]
[WhiteElo "2169"]
[BlackElo "2127"]
[Result "1-0"]
[Round "08"]
[TimeControl "180+1"]
[Date "2022.02.09"]
[WhiteClock "0:00:08"]
[BlackClock "0:00:02"]

1. e4 e6 2. d4 d5 3. e5 c5 4. c3 Nc6 5. Nf3 Qb6 6. a3 c4 7. Nbd2 Na5 8. g3 Bd7 9. Bg2 h6 10. h4 O-O-O 11. O-O Ne7 12. Rb1 Qc7 13. Nh2 Nec6 14. Re1 Be7 15. h5 g6 16. hxg6 fxg6 17. Bh3 h5 18. Ndf3 Nb3 19. Bg5 Kb8 20. Nf1 Bc8 21. N1d2 Bxg5 22. Nxg5 Nxd2 23. Qxd2 Qe7 24. b3 cxb3 25. Rxb3 Na5 26. Rb4 Nc4 27. Qc1 h4 28. g4 Nxa3 29. Qxa3 Qxg5 30. Ra1 Kc7 31. Qxa7 Kd7 32. Qc5 Ke8 33. Ra8 Bd7 34. Rxd8+ Qxd8 35. Rxb7 Qc8 36. Qb4 Kf7 37. Bf1 Rd8 38. Ba6 Qc6 39. Qb5 Qxb5 40. Bxb5 Ke8 41. Rxd7 Rxd7 42. f4 Ke7 43. Bxd7 Kxd7 44. Kg2 Ke7 45. Kh3 Kf7 46. Kxh4 Kg7 47. Kg5 1-0


[Site "https://www.chess.com"]

[Event "Late Titled Tuesday Blitz February 8 2022"]
[White "Costachi, Mihnea"]
[Black "Tregubov, Pavel V."]
[WhiteFideId "1217518"]
[BlackFideId "4115341"]
[WhiteElo "2464"]
[BlackElo "2341"]
[Result "1-0"]
[Round "08"]
[TimeControl "180+1"]
[Date "2022.02.08"]
[WhiteClock "0:00:06"]
[BlackClock "0:00:42"]

1. d4 Nf6 2. c4 e6 3. Nf3 Bb4+ 4. Bd2 Qe7 5. g3 Bxd2+ 6. Qxd2 Nc6 7. Nc3 d5 8. Bg2 dxc4 9. O-O O-O 10. Ne5 Nxe5 11. dxe5 Nd7 12. Qd4 Qc5 13. Qxc5 Nxc5 14. Nb5 Bd7 15. Na3 Rad8 16. Nxc4 b6 17. Rfe1 Bb5 18. Na3 Ba6 19. b4 Na4 20. Rac1 c5 21. b5 Bc8 22. Rc4 Nb2 23. Rc2 Na4 24. Nc4 a6 25. Bc6 axb5 26. Bxb5 Bd7 27. Bxd7 Rxd7 28. Nd6 Ra8 29. Rb1 f6 30. f4 Kf8 31. Rc4 Ke7 32. Rb3 Rda7 33. Nb5 Ra5 34. Kf2 fxe5 35. fxe5 Rf8+ 36. Ke1 Rf5 37. Re4 c4 38. Rxc4 Rxe5 39. Rc7+ Kd8 40. Rd3+ Rd5 41. Rxd5+ exd5 42. Rxg7 Rxb5 43. Rxh7 Rb2 44. Rh5 Nc3 45. Re5 Kd7 46. h4 Kd6 47. Re8 Ne4 48. Kf1 Nxg3+ 49. Kf2 Ne4+ 50. Kf3 Rxa2 51. h5 Ra3+ 52. Kf4 Nf6 53. Rb8 Nxh5+ 54. Kg4 Nf6+ 55. Kf5 Nd7 56. Ra8 b5 57. Rxa3 b4 58. Rb3 Kc5 59. Kf4 Kc4 60. Rb1 b3 61. Ke3 Kc3 62. Rc1+ Kb2 63. Rc7 Nb6 64. Kd4 Ka2 65. Ra7+ Kb1 66. Rb7 b2 67. Rxb6 Kc2 68. Kxd5 1-0


[Site "https://www.chess.com"]

[Event "Late Titled Tuesday Blitz February 8 2022"]
[White "Cunha, Lucas Aguiar"]
[Black "Okike, David"]
[WhiteFideId "2125404"]
[BlackFideId "8500134"]
[WhiteElo "2361"]
[BlackElo "2232"]
[Result "1-0"]
[Round "08"]
[TimeControl "180+1"]
[Date "2022.02.09"]
[WhiteClock "0:00:10"]
[BlackClock "0:00:27"]

1. e4 c5 2. Nf3 Nc6 3. Nc3 Nf6 4. e5 Ng4 5. Qe2 g6 6. h3 Nh6 7. Ne4 b6 8. c3 Bg7 9. Nf6+ exf6 10. exf6+ Kf8 11. fxg7+ Kxg7 12. Qd3 Re8+ 13. Be2 Qe7 14. Kd1 d5 15. Re1 Be6 16. Qb5 Qd6 17. d3 Nf5 18. Qa4 a6 19. Bf4 Qd7 20. Qb3 b5 21. Qc2 f6 22. Qd2 g5 23. Bh2 h6 24. Kc2 Rac8 25. Rac1 d4 26. Kb1 Qd8 27. g4 Nd6 28. cxd4 Nxd4 29. Nxd4 cxd4 30. Qb4 Nb7 31. Bf3 Rxc1+ 32. Rxc1 Re7 33. b3 Rd7 34. Be4 Nd6 35. Bc6 a5 36. Qxd4 Rc7 37. Qxd6 Qc8 38. Qxc7+ Qxc7 39. Bxc7 a4 40. bxa4 bxa4 41. Bxa4 f5 42. Bb3 Bd7 43. Be5+ Kg6 44. Rc7 Bb5 45. Kc2 fxg4 46. hxg4 h5 47. gxh5+ Kxh5 48. Be6 g4 49. Bf5 Kg5 50. Be4 Ba4+ 51. Kc3 Bd1 52. Rg7+ Kh6 53. Rg8 Kh5 54. Bf4 g3 55. fxg3 Be2 56. g4+ Kh4 57. g5 Bh5 58. g6 Kg4 59. Be5 Kg5 60. g7 Bf7 61. Rf8 Bxa2 62. g8=Q+ Bxg8 63. Rxg8+ Kh6 64. Bf4+ Kh5 65. Bf3+ Kh4 66. Rh8# 1-0


[Site "https://www.chess.com"]

[Event "Late Titled Tuesday Blitz February 8 2022"]
[White "Daggupati, Balaji"]
[Black "Romanchuk, Viktor"]
[WhiteFideId "2090759"]
[BlackFideId "14109271"]
[WhiteElo "2735"]
[BlackElo "2242"]
[Result "1-0"]
[Round "08"]
[TimeControl "180+1"]
[Date "2022.02.08"]
[WhiteClock "0:00:21"]
[BlackClock "0:00:01"]

1. e4 e6 2. d4 d5 3. Nc3 dxe4 4. Nxe4 Nd7 5. Nf3 Ngf6 6. Bg5 h6 7. Nxf6+ Nxf6 8. Bxf6 gxf6 9. Bc4 Qd6 10. Qe2 Bd7 11. O-O-O O-O-O 12. d5 e5 13. Rhe1 Bg7 14. Bb3 Rde8 15. Nd2 f5 16. Nc4 Qc5 17. Qh5 Rhf8 18. f4 e4 19. Ne3 a5 20. a4 Bd4 21. Nxf5 Bf2 22. Re2 e3 23. Nd4 Re4 24. c3 Rxf4 25. Qxh6 Rg4 26. d6 Rd8 27. dxc7 Kxc7 28. Qf6 Rxg2 29. Nb5+ Kc8 30. Nd6+ Kc7 31. Qf4 Rg4 32. Nb5+ Kc8 33. Qf6 Rg6 34. Qxf7 Rc6 35. Qf4 Be6 36. Rxd8+ Kxd8 37. Bxe6 Rxe6 38. Qb8+ Ke7 39. Qxb7+ Kf6 40. Nd4 Rb6 41. Qf3+ Ke7 42. Qe4+ Kd7 43. Qh7+ Ke8 44. Qg8+ Kd7 45. Qf7+ Kc8 46. Rxf2 exf2 47. Qxf2 Rd6 48. Qf8+ Kb7 49. Qf3+ Kc8 50. Qa8+ Kd7 51. Qb7+ Qc7 52. Qb5+ Kd8 53. Qg5+ Qe7 54. Qxe7+ Kxe7 55. Nf5+ 1-0


[Site "https://www.chess.com"]

[Event "Late Titled Tuesday Blitz February 8 2022"]
[White "Degardin, Sylvain"]
[Black "Vestby-Ellingsen, Mads"]
[WhiteFideId "20623070"]
[BlackFideId "1520857"]
[WhiteElo "2156"]
[BlackElo "2232"]
[Result "1-0"]
[Round "08"]
[TimeControl "180+1"]
[Date "2022.02.09"]
[WhiteClock "0:00:09"]
[BlackClock "0:00:06"]

1. Nf3 d5 2. g3 c6 3. Bg2 Bg4 4. O-O e6 5. d4 Nd7 6. Nbd2 Ngf6 7. Re1 Be7 8. e4 dxe4 9. Nxe4 Nxe4 10. Rxe4 Nf6 11. Re1 O-O 12. c3 c5 13. Be3 Qb6 14. Qb3 cxd4 15. Bxd4 Bc5 16. Qxb6 axb6 17. a3 Rfd8 18. Bxc5 bxc5 19. Ne5 Rd2 20. Nxg4 Nxg4 21. Red1 Rxb2 22. Rd7 h5 23. h3 Ne5 24. Rxb7 Rxb7 25. Bxb7 Ra4 26. Re1 Nd3 27. Rd1 Nb2 28. Rd8+ Kh7 29. Rd7 Kg6 30. Rc7 Rc4 31. Bc6 Rxc3 32. a4 Ra3 33. Be8 Nxa4 34. Ra7 Rb3 35. Bxa4 Rb8 36. Bc2+ Kf6 37. Rc7 Rb5 38. Bd3 Ra5 39. Kg2 Ra3 40. Bc4 Ra5 41. h4 g6 42. Kf3 Ra3+ 43. Kg2 Ra5 44. Rb7 Ra4 45. Bb5 Rb4 46. Bc6 Ke5 47. Rxb4 cxb4 48. Ba4 Kd4 49. Kf3 e5 50. Bb3 f5 51. Bf7 Kc3 52. Bxg6 e4+ 53. Ke3 b3 54. Bxf5 b2 55. Bxe4 Kc4 56. Kf4 Kd4 57. f3 Kc4 58. Kg5 Kd4 59. Kxh5 Ke5 60. Kg5 Ke6 61. Kg6 Ke7 62. Kg7 Ke6 63. h5 Ke5 64. h6 b1=Q 65. Bxb1 1-0


[Site "https://www.chess.com"]

[Event "Late Titled Tuesday Blitz February 8 2022"]
[White "Demchenko, Anton"]
[Black "Sarana, Alexey"]
[WhiteFideId "4160258"]
[BlackFideId "24133795"]
[WhiteElo "2539"]
[BlackElo "2665"]
[Result "0-1"]
[Round "08"]
[TimeControl "180+1"]
[Date "2022.02.08"]
[WhiteClock "0:00:01"]
[BlackClock "0:00:04"]

1. e4 c5 2. Nf3 d6 3. d4 cxd4 4. Qxd4 Nc6 5. Qe3 g6 6. h3 Bg7 7. Nc3 Nf6 8. Bc4 O-O 9. O-O Nd7 10. Rd1 Qb6 11. Qe2 a6 12. Nd5 Qd8 13. a4 e6 14. Ne3 Nde5 15. Nxe5 Nxe5 16. Bb3 Qc7 17. c3 b6 18. Ng4 Bb7 19. Nxe5 Bxe5 20. Bh6 Rfe8 21. Rd2 Qc6 22. Re1 Rad8 23. Bg5 Rd7 24. Qf3 b5 25. axb5 axb5 26. Bf6 Qc5 27. Bxe5 Qxe5 28. Qe3 Red8 29. Rd4 Qc5 30. f3 Bc6 31. Qf2 Kf8 32. Red1 h5 33. R1d2 e5 34. Rb4 Qxf2+ 35. Kxf2 Ra7 36. Bd5 Be8 37. h4 Ke7 38. Ke3 Ra1 39. Kf2 Rc8 40. Rc2 Rc5 41. Rd2 f5 42. g3 Bd7 43. c4 Rc1 44. cxb5 Bxb5 45. Bb3 f4 46. gxf4 exf4 47. Rd5 Bc6 48. Rxc5 dxc5 49. Rb6 Be8 50. Bd5 Rc2+ 51. Kg1 Rd2 52. b3 Rb2 53. Re6+ Kf7 54. Rc6+ Ke7 0-1


[Site "https://www.chess.com"]

[Event "Late Titled Tuesday Blitz February 8 2022"]
[White "Dias, Joao Batista"]
[Black "Rudzinska, Michalina"]
[WhiteFideId "2108240"]
[BlackFideId "1172883"]
[WhiteElo "1898"]
[BlackElo "1904"]
[Result "1-0"]
[Round "08"]
[TimeControl "180+1"]
[Date "2022.02.09"]
[WhiteClock "0:00:48"]
[BlackClock "0:00:19"]

1. e4 f6 2. d4 e6 3. Nf3 Ne7 4. Bd3 d5 5. Nc3 b6 6. O-O Bb7 7. Re1 dxe4 8. Nxe4 Qd7 9. c4 Nbc6 10. Be3 O-O-O 11. Qa4 Kb8 12. Rad1 Nxd4 13. Qxd7 Nxf3+ 14. gxf3 Rxd7 15. c5 Nf5 16. cxb6 axb6 17. Bb5 Rxd1 18. Rxd1 Nd6 19. Nxd6 Bxd6 20. Bd7 Bxf3 21. Rc1 e5 22. h4 Rd8 23. Be6 g6 24. a3 f5 25. Kf1 f4 26. Bd2 Bc5 27. Bc3 e4 28. b4 Be7 29. Be5 Bd6 30. Bf6 Re8 31. Bd5 Rf8 32. Bg5 Rf5 33. Be6 Re5 34. Bb3 Re8 35. Bf7 Rf8 36. Bd5 Rf5 37. Be6 Re5 38. Bb3 Be7 39. Bxf4 Rf5 40. Bxc7+ Kb7 41. Bg3 e3 42. Rc7+ Ka8 43. Rxe7 e2+ 44. Rxe2 Bxe2+ 45. Kxe2 g5 46. Be6 Rf6 47. Bd5+ Ka7 48. hxg5 Rf5 49. Be4 Rxg5 50. Bxh7 Ka6 51. Bd3+ b5 52. Bf4 Rg4 53. Be3 Rh4 54. a4 Rxb4 55. axb5+ Kb7 56. f4 Kc7 57. f5 Kd7 58. Kf3 Ke7 59. b6 Kd7 60. Be4 Kd8 61. b7 Kc7 62. Bf4+ Kd7 63. b8=Q 1-0


[Site "https://www.chess.com"]

[Event "Late Titled Tuesday Blitz February 8 2022"]
[White "Djokic, Mihailo"]
[Black "Punin, Andrii"]
[WhiteFideId "976440"]
[BlackFideId "14112639"]
[WhiteElo "2008"]
[BlackElo "2357"]
[Result "0-1"]
[Round "08"]
[TimeControl "180+1"]
[Date "2022.02.09"]
[WhiteClock "0:00:03"]
[BlackClock "0:00:06"]

1. d4 Nf6 2. Nf3 d5 3. g3 Bf5 4. Bg2 e6 5. c4 c6 6. O-O h6 7. Nc3 Nbd7 8. Re1 Be7 9. cxd5 exd5 10. Qb3 Qb6 11. Qxb6 axb6 12. h4 O-O 13. Bf4 b5 14. Ne5 Nb6 15. f3 Rfe8 16. e4 Bh7 17. a3 Bf8 18. Bd2 Na4 19. Nxa4 Rxa4 20. Bc3 Rea8 21. Rac1 b4 22. axb4 Bxb4 23. Nd3 Bxc3 24. bxc3 dxe4 25. fxe4 Ra2 26. Nc5 b6 27. e5 bxc5 28. exf6 cxd4 29. cxd4 gxf6 30. Rxc6 Rd8 31. d5 Kg7 32. d6 Rd2 33. Re7 R8xd6 34. Rcc7 Bg6 35. g4 h5 36. gxh5 Bxh5 37. Re3 R6d4 38. Rg3+ Rg4 39. Rxg4+ Bxg4 40. Rc4 Bh5 41. Rf4 Rd6 42. Kh2 Bg6 43. Kg3 f5 44. Bh3 Kf6 45. h5 Bxh5 46. Rxf5+ Kg6 47. Rb5 Kh6 48. Kh4 Rd4+ 49. Kg3 Bg6 50. Bg2 Kg7 51. Rb6 Rd2 52. Bf3 Rd3 53. Kf4 Ra3 54. Rd6 Ra4+ 55. Kg3 Ra5 56. Kf4 Ra3 57. Rb6 Kf8 58. Rd6 Ke7 59. Rb6 Bd3 60. Rb7+ Kf8 61. Bd5 Bg6 62. Ke5 Kg7 63. Bc4 Ra5+ 64. Kd4 Kf6 65. Rb6+ Kg5 66. Rb7 f5 67. Bd3 Kf4 68. Rg7 Bh5 69. Rh7 Bg4 70. Rg7 Ra8 71. Bc4 Rd8+ 72. Kc3 Bf3 73. Re7 Be4 74. Be2 Ke3 75. Bc4 Kf3 76. Kb4 Kf4 77. Rf7 Bd3 78. Bb3 Ke3 79. Kc3 Rc8+ 80. Kb2 f4 81. Re7+ Kf2 82. Rd7 Be2 83. Rf7 f3 84. Bd5 Rb8+ 85. Kc3 Rd8 86. Be4 Ke3 87. Bxf3 Bxf3 88. Re7+ Be4 89. Kc4 Rc8+ 90. Kb5 Kd4 91. Kb6 Bd5 92. Rc7 Rb8+ 93. Ka7 Rb4 94. Rh7 Kc5 95. Rc7+ Bc6 96. Rg7 Ra4+ 97. Kb8 Ra8+ 98. Kc7 Ra7+ 99. Kb8 Rxg7 0-1


[Site "https://www.chess.com"]

[Event "Late Titled Tuesday Blitz February 8 2022"]
[White "Domingo Nunez, Alejandro"]
[Black "Ladan, Nicholas"]
[WhiteFideId "22245561"]
[BlackFideId "30918855"]
[WhiteElo "2215"]
[BlackElo "2305"]
[Result "0-1"]
[Round "08"]
[TimeControl "180+1"]
[Date "2022.02.09"]
[WhiteClock "0:00:02"]
[BlackClock "0:00:16"]

1. Nf3 d5 2. g3 Nf6 3. Bg2 Bf5 4. O-O e6 5. d3 Be7 6. Nbd2 h6 7. b3 O-O 8. Bb2 a5 9. a4 Na6 10. Ne5 Nb4 11. e4 Bh7 12. Rc1 Na2 13. Ra1 Nb4 14. f4 c6 15. Kh1 Qc7 16. c3 Na6 17. Qe2 Rad8 18. Rae1 Nc5 19. Ba3 dxe4 20. dxe4 Nxb3 21. Nxb3 Bxa3 22. Nc4 Be7 23. Ncxa5 Ra8 24. Ra1 Rxa5 25. Nxa5 Qxa5 26. Rfb1 Qxc3 27. Ra2 Rd8 28. Rc2 Qd4 29. Rc4 Qd7 30. h3 Ne8 31. Kh2 Nd6 32. Rd4 Qc7 33. Rbd1 Ne8 34. Rxd8 Bxd8 35. Qd3 Be7 36. Qc3 Kf8 37. e5 Bf5 38. a5 Bd8 39. Qc5+ Be7 40. Qa7 Bb4 0-1


[Site "https://www.chess.com"]

[Event "Late Titled Tuesday Blitz February 8 2022"]
[White "Einarsson, Halldor Gretar"]
[Black "Golubenko, Valentina"]
[WhiteFideId "2300150"]
[BlackFideId "4501993"]
[WhiteElo "2114"]
[BlackElo "2164"]
[Result "0-1"]
[Round "08"]
[TimeControl "180+1"]
[Date "2022.02.09"]
[WhiteClock "0:00:02"]
[BlackClock "0:01:42"]

1. d4 g6 2. c4 Bg7 3. Nc3 c5 4. d5 d6 5. e4 e6 6. Nge2 exd5 7. cxd5 Nf6 8. f3 O-O 9. Be3 a6 10. a4 Nbd7 11. Ng3 Qc7 12. Be2 b6 13. O-O Rb8 14. Rc1 c4 15. b3 b5 16. axb5 axb5 17. Na2 Qa5 18. bxc4 b4 19. Qb3 Nc5 20. Bxc5 dxc5 21. Kh1 Bd7 22. Ra1 Qb6 23. Nc1 Nh5 24. Ra2 Nxg3+ 25. hxg3 Ra8 26. Nd3 Bd4 27. g4 Qb7 28. e5 Rxa2 29. Qxa2 Ra8 0-1


[Site "https://www.chess.com"]

[Event "Late Titled Tuesday Blitz February 8 2022"]
[White "Erdogdu, Mert"]
[Black "Gurevich, Dmitry"]
[WhiteFideId "6301495"]
[BlackFideId "2000407"]
[WhiteElo "2485"]
[BlackElo "2506"]
[Result "1-0"]
[Round "08"]
[TimeControl "180+1"]
[Date "2022.02.08"]
[WhiteClock "0:00:12"]
[BlackClock "0:00:01"]

1. e4 c5 2. Nf3 d6 3. d4 cxd4 4. Nxd4 Nf6 5. Nc3 Nc6 6. Bg5 e6 7. Qd2 Be7 8. O-O-O O-O 9. f3 Nxd4 10. Qxd4 a6 11. h4 b5 12. Kb1 Bb7 13. Qd2 Rc8 14. Bd3 b4 15. Ne2 a5 16. Nd4 Qb6 17. Be3 Qc7 18. g4 Nd7 19. g5 Ne5 20. h5 d5 21. Qg2 dxe4 22. Bxe4 Bxe4 23. fxe4 Nc4 24. Bc1 Qe5 25. g6 Bf6 26. gxf7+ Rxf7 27. Qg4 Rd7 28. Qxe6+ Qxe6 29. Nxe6 Re7 30. Ng5 h6 31. Nf3 Rxe4 32. Rhe1 Rxe1 33. Rxe1 a4 34. Re4 b3 35. axb3 axb3 36. cxb3 Na5 37. b4 Nb3 38. Be3 Ra8 39. b5 Ra1+ 40. Kc2 Na5 41. b6 Nb7 42. Bd4 Nd6 43. Re6 Nb5 44. Bxf6 gxf6 45. b7 1-0


[Site "https://www.chess.com"]

[Event "Late Titled Tuesday Blitz February 8 2022"]
[White "Fier, Alexandr"]
[Black "Taichman, Ori"]
[WhiteFideId "2107139"]
[BlackFideId "2804069"]
[WhiteElo "2569"]
[BlackElo "2227"]
[Result "1-0"]
[Round "08"]
[TimeControl "180+1"]
[Date "2022.02.08"]
[WhiteClock "0:01:48"]
[BlackClock "0:00:06"]

1. d4 Nf6 2. Bg5 Ne4 3. h4 c5 4. dxc5 Qa5+ 5. Nd2 Nxc5 6. c3 Ne6 7. Ngf3 Nc6 8. e4 d6 9. Be3 Bd7 10. Bc4 g6 11. h5 gxh5 12. b4 Qc7 13. Rxh5 Bg7 14. Qb3 a5 15. Rc1 a4 16. Qd1 Ne5 17. Bd5 Nd3+ 18. Kf1 Nxc1 19. Qxc1 Qxc3 20. Qd1 Qxb4 21. Kg1 Rc8 22. Qe2 Bb5 23. Qd1 Bc6 24. Bxe6 fxe6 25. Ng5 Bd7 26. Qg4 Rc1+ 27. Kh2 Be5+ 28. f4 Bd4 29. Nxh7 Kd8 30. Bxd4 Qxd4 31. Nf3 Qd1 32. Qg7 Rxh7 33. Rxh7 a3 34. Qxe7+ Kc7 35. Qxd7+ Kb6 36. Qxb7+ Kc5 37. Rc7# 1-0


[Site "https://www.chess.com"]

[Event "Late Titled Tuesday Blitz February 8 2022"]
[White "Fishbein, Alexander"]
[Black "Dobre, Claudiu-Cristian"]
[WhiteFideId "2000377"]
[BlackFideId "1211854"]
[WhiteElo "2442"]
[BlackElo "2207"]
[Result "1-0"]
[Round "08"]
[TimeControl "180+1"]
[Date "2022.02.09"]
[WhiteClock "0:00:35"]
[BlackClock "0:00:01"]

1. e4 Nc6 2. Nf3 d6 3. d4 Nf6 4. c3 g6 5. Bd3 Bg7 6. O-O O-O 7. Nbd2 e5 8. Re1 Re8 9. h3 d5 10. exd5 Nxd5 11. Nc4 exd4 12. Bg5 f6 13. Rxe8+ Qxe8 14. Bd2 dxc3 15. bxc3 Be6 16. Qc2 Qf7 17. Ne3 Nxe3 18. Bxe3 Rd8 19. h4 Bc4 20. Bxc4 Qxc4 21. h5 Rd3 22. hxg6 hxg6 23. Rc1 b5 24. Ne1 Rd8 25. Qxg6 Qxa2 26. Nf3 Qf7 27. Qb1 a6 28. Nh4 Ne7 29. Bc5 Re8 30. Bxe7 Qxe7 31. Qg6 Qf7 32. Qg4 Qc4 33. Qh5 Qf7 34. Qf3 Bh6 35. Rd1 Qe6 36. Nf5 Bf8 37. Qg4+ 1-0


[Site "https://www.chess.com"]

[Event "Late Titled Tuesday Blitz February 8 2022"]
[White "Gerbelli Neto, Eduardo"]
[Black "Mirza, Diana"]
[WhiteFideId "2103281"]
[BlackFideId "2503999"]
[WhiteElo "2178"]
[BlackElo "1813"]
[Result "1-0"]
[Round "08"]
[TimeControl "180+1"]
[Date "2022.02.09"]
[WhiteClock "0:02:07"]
[BlackClock "0:01:11"]

1. e4 e5 2. Nf3 d6 3. d4 exd4 4. Bc4 Be7 5. Nxd4 Nf6 6. Nc3 O-O 7. O-O Nxe4 8. Nxe4 d5 9. Bd3 dxe4 10. Bxe4 Nd7 11. Nf5 Nf6 12. Nxe7+ Qxe7 13. Bf3 Bf5 14. c3 Rad8 15. Qa4 c6 16. Qxa7 Ra8 17. Qe3 Qc7 18. Qg5 Bg6 19. Bf4 Qb6 20. b3 Ra5 21. Qg3 Nh5 22. Bxh5 Bxh5 23. Bc7 Qa6 24. Bxa5 Qxa5 25. Rfe1 Qxc3 26. Qxc3 1-0


[Site "https://www.chess.com"]

[Event "Late Titled Tuesday Blitz February 8 2022"]
[White "Goltseva, Ekaterina"]
[Black "Yang, Cayden"]
[WhiteFideId "24173770"]
[BlackFideId "30967260"]
[WhiteElo "2140"]
[BlackElo "2623"]
[Result "1-0"]
[Round "08"]
[TimeControl "180+1"]
[Date "2022.02.09"]
[WhiteClock "0:00:59"]
[BlackClock "0:00:01"]

1. d4 Nf6 2. c4 g6 3. Nc3 d5 4. Nf3 Bg7 5. h4 c5 6. dxc5 Qa5 7. cxd5 Na6 8. Bd2 Qxc5 9. e4 O-O 10. Rc1 Ng4 11. Qe2 e6 12. h5 f5 13. hxg6 hxg6 14. Ng5 e5 15. Ne6 Bxe6 16. dxe6 Nb4 17. Nd5 Nd3+ 18. Qxd3 Qxf2+ 19. Kd1 Rfe8 20. Qh3 Bh6 21. Bxh6 Rad8 22. Bd2 Rxd5 23. Qh8# 1-0


[Site "https://www.chess.com"]